Cogmind - Beta 15 @@@ ROGUE MODE // 2025.08.09 @ 20:49:08 Player: Naughtyusername Result: Destroyed by S-10 Pest with Light Assault Rifle Performance ------------- Evolutions (0) 0 Regions Visited (1) 200 Robots Destroyed (11) 55 Value Destroyed (284) 284 Prototype IDs (0) 0 Alien Tech Used (0) 0 Bonus (0) 0 TOTAL SCORE: 539 Bonus ------- None Cogmind --------- Core Integrity 0/250 Matter 300/300 Energy 85/100 System Corruption 2% Temperature Cool (1) Movement Rolling (230) Ox10 Location -10/Materials Parts ------- > --- POWER (1) -------- (None) > --- PROPULSION (2) --- Wheel > --- UTILITY (2) ------ Large Storage Unit Huge Storage Unit > --- WEAPON (2) ------- Backup Laser III Backup Laser III > --- INVENTORY (25) --- Ion Engine Ion Engine Compact Wheel Compact Wheel Compact Wheel Seismic Detector EM Pulse Gun Small Laser Light Assault Rifle Peak State ------------ > --- POWER ------------ Backup Power III > --- PROPULSION ------- Wheel Wheel > --- UTILITY ---------- Large Storage Unit Seismic Detector > --- WEAPON ----------- Backup Laser III Backup Laser III > --- INVENTORY -------- Ion Engine Ion Engine Wheel Compact Wheel Backup Propulsion III Backup Propulsion III EM Pulse Gun Small Laser Light Assault Rifle [Rating: 14] Favorites ----------- Power Backup Power III Engine Backup Power III Propulsion Wheel Leg Aluminum Leg Wheel Wheel Utility Large Storage Unit Device Seismic Detector Storage Large Storage Unit Weapon Backup Laser III Energy Gun Backup Laser III Ballistic Gun Light Assault Rifle Build | -11 -10 ------- Run | Yrd Mat Slots Evolved . | . . Power . | . . Propulsion . | . . Utility . | . . Weapon . | . . Parts Attached 9 | 5 4 Power . | . . Engine . | . . Core . | . . Reactor . | . . Propulsion 5 | 3 2 Treads . | . . Leg 1 | 1 . Wheel 4 | 2 2 Hover . | . . Flight . | . . Utility 3 | 1 2 Device 1 | 1 . Storage 2 | . 2 Processor . | . . Hackware . | . . Protection . | . . Artifact . | . . Weapon 1 | 1 . Energy Gun . | . . Energy Cannon . | . . Ballistic Gun 1 | 1 . Ballistic Cannon . | . . Launcher . | . . Special Weapon . | . . Impact Weapon . | . . Slashing Weapon . | . . Piercing Weapon . | . . Special Melee Weapon . | . . Unidentified Prototypes . | . . Parts Lost 4 | . 4 Power 1 | . 1 Propulsion 3 | . 3 Utility . | . . Weapon . | . . Highest Loss Streak 2 | . 2 To Critical Strikes . | . . Average Backups 7 | 5 8 Power 1 | 1 1 Propulsion 3 | 3 3 Utility . | . . Weapon 2 | 1 2 Tool/Special . | . . Unused Backups 11 | . 11 Power 3 | . 3 Propulsion 3 | . 3 Utility 2 | . 2 Weapon 3 | . 3 Tool/Special . | . . Average Slot Usage (%) 98 | . 98 Engine 14 | . 14 Wheel 26 | . 26 Device 12 | . 12 Storage 15 | . 15 Energy Gun 27 | . 27 Peak Build Rating 14 | 7 14 Average Rating 12 | 6 12 On Entrance 6 | 6 7 Naked Turns . | . . Heaviest Build 106 | 13 106 Greatest Support 26 | 20 26 Greatest Overweight (x) 4 | . 4 Average Overweight (x) 1 | . 1 Largest Inventory Capacity 25 | 8 25 Average Capacity 15 | 8 16 Most Carried 11 | 6 11 Average Carried 7 | 5 8 Final Capacity 25 | 8 25 Final Carried 9 | 4 9 Class Distribution -------------------- 100% | Mutant Dominant Class ---------------- Mutant | -10/Materials Resources | -11 -10 ----------- Run | Yrd Mat Matter Collected 365 | 254 111 Remotely . | . . Salvage Created 461 | 103 358 Parts 25 | 6 19 Haulers Intercepted . | . . Recyclers Shooed . | . . Parts Field Recycled . | . . Retrieved Matter . | . . Parts Self-Destructed . | . . Prevented . | . . Kills | -11 -10 ------- Run | Yrd Mat Combat Hostiles Destroyed 9 | . 9 Guns 9 | . 9 Classes Destroyed 4 | 2 2 Tunneler 1 | 1 . Recycler 1 | 1 . Swarmer 2 | . 2 Grunt 7 | . 7 Best Kill Streak 4 | 2 4 Combat Bots Only 4 | . 4 Max Kills in Single Turn 2 | 1 2 Gunslinging 1 | . 1 Exploded . | . . Melee . | . . Uniques/NPCs Destroyed . | . . Combat | -11 -10 -------- Run | Yrd Mat Hostile Shots Fired 60 | . 60 Missed 9 | . 9 Hits 51 | . 51 Projectile 51 | . 51 Critical Strikes 1 | . 1 Damage Taken 557 | . 557 Core 254 | . 254 Absorbed by Shields . | . . Core Remaining (%) 100 | 100 . Volleys Fired 42 | 4 38 Largest 2 | 2 2 Hottest 80 | 60 80 Shots Fired 83 | 8 75 Gun 83 | 8 75 Cannon . | . . Launcher . | . . Special . | . . Kinetic 5 | 4 1 Thermal 78 | 4 74 Explosive . | . . Electromagnetic . | . . Robot Hit Streak 9 | 3 9 Robot Miss Streak 4 | 1 4 Penetration Max . | . . Secondary Targets 1 | . 1 Max Gunslinging Chain 1 | . 1 Shots Hit Robots 59 | 5 54 Core Hits 22 | 3 19 Critical Kills . | . . Critical Parts Destroyed . | . . Critical Strikes . | . . Melee Attacks . | . . Impact . | . . Slashing . | . . Piercing . | . . Sneak Attacks . | . . Combat Hostiles . | . . Follow-up Attacks . | . . Damage Inflicted 760 | 46 714 Guns 760 | 46 714 Cannons . | . . Explosions . | . . Melee . | . . Ramming . | . . Kinetic 35 | 26 9 Thermal 725 | 20 705 Explosive . | . . Electromagnetic . | . . Impact . | . . Slashing . | . . Piercing . | . . Highest Corruption 2 | . 2 Average Corruption 2 | . 2 Corruption Purged . | . . Corruption Blocked . | . . Effects 9 | . 9 Message Errors 2 | . 2 Matter Fused 3 | . 3 Data Loss (minor) 1 | . 1 Data Loss (major) 2 | . 2 Weapon Failures 1 | . 1 Overload Shots . | . . Overflow Damage . | . . Projectiles . | . . Explosions . | . . Melee . | . . Knockbacks . | . . Impact . | . . Kinetic . | . . Secondary . | . . Self-Inflicted Damage . | . . Shots . | . . Rammed . | . . Targets Rammed . | . . Kicked . | . . Crushed . | . . Highest Temperature 380 | 20 380 Average Temperature 113 | 15 118 Received Heat Transfer 252 | . 252 Effects 2 | . 2 Shutdowns 1 | . 1 Matter Decay 1 | . 1 Siege Activations . | . . Martial Activations . | . . Shielding Activations . | . . Robots Disrupted . | . . Combat Hostiles . | . . Robots Corrupted . | . . Combat Hostiles . | . . Parts Fried . | . . Impact Corruptions . | . . Robots Melted . | . . Combat Hostiles . | . . Parts Melted 1 | . 1 Heat Transferred 2073 | 50 2023 Parts Sabotaged . | . . Parts Stolen . | . . Parts Stripped . | . . Power Chain Reactions . | . . Alert | -11 -10 ------- Run | Yrd Mat Maximum Alert Level . | . . Low Security (%) 100 | 100 100 Level 1 . | . . Level 2 . | . . Level 3 . | . . Level 4 . | . . Level 5 . | . . High Security . | . . Max Security . | . . Peak Influence 94 | 10 94 Initial . | . . Average 20 | 2 21 Influence Increases 310 | 10 300 Destroy 0b10 Robot/C 180 | . 180 Destroy 0b10 Robot/NC 20 | 10 10 Destroy Leader 40 | . 40 Successful Hack 39 | . 39 Destroy Structure 1 | . 1 Lose Combat Pursuer 30 | . 30 Influence Decreases 216 | 10 206 Time Decay 176 | 10 166 Lost Part 40 | . 40 Squads Dispatched 2 | . 2 Investigation . | . . Extermination . | . . Reinforcement 2 | . 2 Assault . | . . Garrison . | . . Intercept . | . . Searches Triggered . | . . Construction Impeded . | . . Haulers Reinforced . | . . Active Scanning Responses . | . . Cargo Convoy Interrupts . | . . Stealth | -11 -10 --------- Run | Yrd Mat Distress Signals 1 | . 1 Communications Jammed . | . . Distress Signals . | . . Times Spotted 16 | . 16 Peak Tracking Total 5 | . 5 Tactical Retreats 1 | . 1 Traps | -11 -10 ------- Run | Yrd Mat Traps Triggered 1 | . 1 Indirectly . | . . Trap Hack Attempts . | . . Triggered . | . . Disarmed . | . . Reprogrammed . | . . Reused . | . . Traps Extracted . | . . Installed . | . . Triggered . | . . Machines | -11 -10 ---------- Run | Yrd Mat Machines Disabled . | . . Max in Single Turn . | . . Machines Repaired . | . . Machines Dismantled . | . . Machines Sabotaged . | . . Overloaded Fab Kills . | . . Hacking | -11 -10 --------- Run | Yrd Mat Machines Accessed 4 | . 4 Terminals 3 | . 3 Fabricators . | . . Repair Stations 1 | . 1 Recycling Units . | . . Scanalyzers . | . . Garrison Access . | . . Total Hacks 12 | . 12 Successful 7 | . 7 Failed 5 | . 5 Catastrophic . | . . Database Lockouts . | . . Manual 10 | . 10 Terminals 10 | . 10 Fabricators . | . . Repair Stations 2 | . 2 Recycling Units . | . . Scanalyzers . | . . Garrison Access . | . . Terminal Hacks . | . . Fabricator Hacks . | . . Repair Station Hacks 1 | . 1 Refit 1 | . 1 Recycling Unit Hacks . | . . Scanalyzer . | . . Garrison Access Hacks . | . . Unauthorized Hacks 6 | . 6 Terminals 6 | . 6 Assimilate 1 | . 1 Botnet 2 | . 2 Operators 1 | . 1 Skim 2 | . 2 Fabricators . | . . Repair Stations . | . . Recycling Units . | . . Scanalyzers . | . . Garrison Access . | . . Data Cores Recovered . | . . Used . | . . Hacking Detections 3 | . 3 Full Trace Events . | . . Feedback Events . | . . Feedback Blocked . | . . Robot Schematics Acquired . | . . Robots Built . | . . Authchips . | . . Time . | . . Total Robot Build Rating . | . . Part Schematics Acquired . | . . Parts Built . | . . Authchips . | . . Time . | . . Total Part Build Rating . | . . Parts Repaired . | . . Time . | . . Parts Recycled . | . . Recycled Matter . | . . Retrieved Matter . | . . Retrieved Components . | . . Parts Scanalyzed . | . . Part Schematics Acquired . | . . Parts Damaged . | . . Bothacking | -11 -10 ------------ Run | Yrd Mat Used RIF Installer . | . . Robots Hacked . | . . Non-combat . | . . Combat . | . . Robot Hacks Applied . | . . Relay Couplers Released . | . . Fabnet Peak Effective % . | . . Robots Rewired . | . . Allies Hacked . | . . Hacks Repelled . | . . Allies | -11 -10 -------- Run | Yrd Mat Total Allies . | . . Largest Group . | . . Highest-Rated Group . | . . Highest-Rated Ally . | . . Total Orders . | . . Ally Attacks . | . . Total Damage . | . . Kills . | . . Allies Corrupted . | . . Allies Melted . | . . Intel | -11 -10 ------- Run | Yrd Mat Active Infowar (turns) 633 | 19 614 Seismic 633 | 19 614 Robot Analysis Total . | . . Derelict Logs Recovered . | . . Drone Launches . | . . Drone Recoveries . | . . Exploration | -11 -10 ------------- Run | Yrd Mat Turns Passed 748 | 41 707 Spaces Moved 297 | 19 278 Core . | . . Treads . | . . Legs 8 | 8 . Wheels 289 | 11 278 Hover . | . . Flight . | . . Fastest Speed 80 | 80 80 Average Speed 102 | 96 102 Slowest Speed 150 | 120 150 Overloaded Moves . | . . Propulsion Burnouts . | . . Robots Hopped . | . . Potential Cave-ins . | . . Cave-ins Triggered . | . . Exploration Rate (%) 27 | 3 52 Regions Visited 1 Branch Regions . Pre-discovered Areas . | . . Known Exits Taken . | . . Unknown Exits Taken 1 | 1 . Scrap Searched . | . . Spaces Dug . | . . Terrain Destroyed . | . . Melee . | . . Projectile . | . . AOE . | . . Terrain Rammed . | . . Walls Destroyed . | . . Machines Disabled . | . . Actions | -11 -10 --------- Run | Yrd Mat Total 664 | 35 629 Wait 293 | . 293 Move 296 | 18 278 Hop . | . . Pick Up 6 | 2 4 Fast Attach 1 | 1 . Attach 6 | 2 4 Detach 9 | 2 7 Swap 4 | 2 2 Drop 7 | 4 3 Fire 42 | 4 38 Melee . | . . Ram . | . . Kick . | . . Crush . | . . Escape Stasis . | . . Rewire . | . . Trap . | . . Miscellaneous . | . . Route ------- -11/Scrapyard -10/Materials (discovered 2 exits: [*Mat] / [*Min]) History --------- Turn | Location | Event 9 | -11/Scrapyard | Discovered new exit (range 3) 42 | -11/Scrapyard | Entered Materials 310 | -10/Materials | Build established: Mutant 473 | -10/Materials | Discovered new exit (range 9) 607 | -10/Materials | Core integrity fell below 50% 728 | -10/Materials | Discovered new exit (range 10) 736 | -10/Materials | Core integrity fell below 20% 749 | -10/Materials | Destroyed by S-10 Pest with Light Assault Rifle Last Messages --------------- 00686_ K-01 Serf cleans the Atomic Centrifuge. 00713_ G-34 Mercenary destroyed. 00722_ System corrupted: Matter fused (-8). 00723_ R-06 Scavenger collects Aluminum Leg. 00728_ EXIT=FOUND 00728_ W-16 Scout sends out distress signal. 00732_ R-06 Scavenger collects Ion Engine. 00736_ R-06 Scavenger collects Heat Sink. 00739_ R-06 Scavenger collects Aluminum Leg. 00739_ Com. Wheel destroyed. 00742_ Backup Power III destroyed. 00742_ S-10 Pest destroyed. 00745_ System corrupted: Backup Laser III failed to cycle. 00745_ S-10 Pest destroyed. 00746_ R-06 Scavenger collects Flight Unit. 00747_ K-01 Serf collects debris. 00748_ R-06 Scavenger collects Lgt. Assault Rifle. Map ----- +----------------------------------------------------+ | ?????????????????????????????????????????????????? | | ?????????????????????????????????????????????????? | | ????????############+#####???????????????????????? | | ????????# T # #???????????????????????? | | ????????# = # #???????????????????????? | | ????????# """ + #???????????????????????? | | ????????# """ ! # """ #???????????????????????? | | ######### """ # """ #???????????????????????? | | """" ## #%""" #???????????????????????? | | "T"" #######+###% #???????????????????????? | | # ## """ #???????????????????????? | | + o+ "" #???????????????????????? | | # ## """ #???????????????????????? | | ==! ### ## #???????????????????????? | | ==! #?# ###############??????????????????? | | =!! #?# ## ! #??????????????????? | | ##+#####?# ## """" #??????????????????? | | ?# #?????# ## """" !! #??????????????????? | | ?# #?????# ## """" !! #??????????????????? | | ?# #?????# ## %=!! #??????????????????? | | ##+####### ######+#######??????????????????? | | ! + #??????????????????????? | | ######### #??????????????????????? | | #######?# #??????????????????????? | | "" # #?# ^ wr #??????????????????????? | | "" # #?# r@#??????????????????????? | | "" + T #?# """ """=*%##### #??????????? | | # #?# """ """ s ????????? | | "" # #?# """ """ < ????????? | | "" ## ##?# k ????????? | | "" ## #??# ##### ##?????????? | | ## #### ###########?????#######??????????? | | !## # #???????????????????????????? | | ##### # % #########???????????????????? | | ????# + ## #???????????????????? | | ????# ##### ### ## """ #???????????????????? | | ????# #####+###% ## """ #???????????????????? | | ????# # #[! ## """ #???????????????????? | | ????# # # !## !#???????????????????? | | ????# + # = ## #???????????????????? | | ????# ###########+######+#######???????????????? | | ????# #?#######???????? | | ????# # #???????? | | ###?# # "" =#???????? | | # ######## ##### ##### + "Y #???????? | | # # # #?###+##??# # "" !! #???????? | | "" + + # ??? ??# # ! #???????? | | "" # # # ??? """ ?# #?#######???????? | | "" # < # # ?# """ ?# #????########???? | | ?# ######## ?# """ # #????# """" #???? | +----------------------------------------------------+ Best States ------------- Heat Dissipation 25 Energy Generation 11 Energy Capacity 250 Matter Stores 300 Matter Capacity 300 Sight Range 16 Terrain Scan Density 10 Evasion (%) 45 Item Schematics ----------------- None Robot Schematics ------------------ None Fabricated ------------ Nothing Repaired ---------- Nothing Alien Tech Used ----------------- None Achievements -------------- None Challenges ------------ None Game ------ Seed AuthchipZhirovGun Manual? 0 Play Time 00:10:20 Cumulative 64.1 hours Start 2025.08.09 @ 19:52:19 End 2025.08.09 @ 20:49:08 Sessions 1 Manual Loads 0 Difficulty Rogue Special Mode None Game No. 21 Rogue 21 Adventurer 0 Explorer 0 Win Type - Total 1 Types 0/0/1/0/0/0/0/0/0/0 Lore% 53 Gallery% 47 Achievement% 73 Wizard Run 0 Options --------- Layout 2 ASCII 0 Keyboard 1 Movement Vi Keybinds 0 Fullscreen 1 Font 28/SwanstonBold Map View 50x52 Zoom Use 0% Tactical HUD 1 Map Filters NONE Filters NONE Steam 1 RUN: ff3629f6-58cc-4b81-a1c3-e49d1125b7e7